 Dungeon Crawl Stone Soup version 0.29.0-11-gd7f09526c8 (webtiles) character file.

Game seed: 16544569040700485190

4119 RascalDebosk the Trooper (level 10, -4/80 HPs)
             Began as a Demonspawn Berserker on Sept 6, 2022.
             Was a Priest of Trog.
             Slain by an orc warrior
             ... wielding a +0 battleaxe
              (9 damage)
             ... on level 8 of the Dungeon.
             The game lasted 01:05:33 (9504 turns).

RascalDebosk the Trooper (Demonspawn Berserker)     Turns: 9504, Time: 01:05:33

Health: -4/80      AC: 19    Str: 20    XL:     10   Next: 6%
Magic:  10/10      EV: 12    Int: 10    God:    Trog [***...]
Gold:   234        SH:  0    Dex: 19    Spells: 9/9 levels left

rFire   . . .      SeeInvis .   a - +4 spear
rCold   . . .      Faith    .   (no shield)
rNeg    . . .      Spirit   .   o - +0 plate armour
rPois   .          Reflect  .   m - +0 helmet
rElec   .          Harm     .   t - +1 cloak
rCorr   +          Rampage  .   s - +0 pair of gloves
Will    ++...                   h - +0 pair of boots
Stlth   ..........              (no amulet)
HPRegen 1.23/turn               A - ring of flight
MPRegen 0.24/turn               C - ring of resist corrosion

@: agile, strong-willed (expiring), on berserk cooldown, flying, regenerating
(expiring), slowed, very slow
A: claws 1, thin skeletal structure 3, powered by pain 2, magic regeneration
a: Renounce Religion, Berserk, Trog's Hand


You were on level 8 of the Dungeon.
You worshipped Trog.
Trog was most pleased with you.
You visited 2 branches of the dungeon, and saw 9 of its levels.

You collected 636 gold pieces.
You spent 402 gold pieces at shops.

Inventory:

Hand Weapons
 a - a +4 spear (weapon)
Missiles
 z - 25 poisoned darts
 E - 7 boomerangs (quivered)
Armour
 h - a +0 pair of boots (worn)
 m - a +0 helmet (worn)
 o - a +0 plate armour (worn)
 s - a +0 pair of gloves (worn)
 t - a +1 cloak (worn)
Jewellery
 f - a +4 ring of evasion
 A - a ring of flight (left hand)
 C - a ring of resist corrosion (right hand)
Wands
 r - a wand of roots (23)
 y - a wand of charming (6)
 B - a wand of flame (21)
Scrolls
 c - a scroll of vulnerability
 d - 2 scrolls of blinking
 e - 7 scrolls of teleportation
 k - a scroll of fog
 w - a scroll of identify
Potions
 b - a potion of resistance
 g - a potion of mutation
 i - a potion of flight {unknown}
 j - 2 potions of magic
 l - a potion of heal wounds {unknown}
 n - 8 potions of curing
 p - 8 potions of might
 q - a potion of lignification
 v - 2 potions of haste
 x - 2 potions of attraction
 D - 3 potions of ambrosia {unknown}


   Skills:
 + Level 7.6 Fighting
 + Level 6.9 Polearms
 + Level 6.2 Throwing
 + Level 6.6 Armour
 - Level 1.7 Dodging
 - Level 4.0 Evocations


You had 9 spell levels left.
You didn't know any spells.
Your spell library was empty.

Dungeon Overview and Level Annotations

Branches:
Dungeon (8/15)             Temple (1/1) D:7
   Lair: D:8-11

Altars:
Ashenzari
Cheibriados
Dithmenos
Fedhas
Gozag
Hepliaklqana
Kikubaaqudgha
Nemelex Xobeh
Okawaru
Qazlal
Ru
Sif Muna
Trog
Uskayaw
Vehumet
Wu Jian
Xom
Yredelemnul

Shops:
D:1 =   D:3 !:(*   D:4 *

Annotations:
D:7 2 transporters, exclusion: 2 oklob plants, Jase's ghost, novice MiHu
D:8 3 runed translucent doors, Shayle's ghost, novice TeBr


Innate Abilities, Weirdness & Mutations

You have sharp fingernails.
You have an unnaturally thin skeletal structure. (Dex +6, Stealth+++)
You sometimes gain power by taking damage.
You regenerate magic rapidly.


Message History

The orc warrior hits you but does no damage.
You hit the orc warrior.
The orc warrior is moderately wounded.
The orc warrior hits you but does no damage.
You hit the orc warrior.
The orc warrior is moderately wounded.
The orc warrior closely misses you.
The orc warrior hits you with a +0 battleaxe!
* * * LOW HITPOINT WARNING * * *
You closely miss the orc warrior.
The orc warrior is moderately wounded.
The orc warrior hits you with a +0 battleaxe.
* * * LOW HITPOINT WARNING * * *
You hit the orc warrior but do no damage.
The orc warrior is moderately wounded.
The orc warrior barely misses you.
You puncture the orc warrior!
The orc warrior is severely wounded.
The orc warrior hits you with a +0 battleaxe!
* * * LOW HITPOINT WARNING * * *
You barely miss the orc warrior.
The orc warrior is severely wounded.
The orc warrior barely misses you.
You hit the orc warrior.
The orc warrior is almost dead.
You feel the effects of Trog's Hand fading.
The orc warrior completely misses you.
You closely miss the orc warrior.
The orc warrior is almost dead.
The orc warrior hits you with a +0 battleaxe!
* * * LOW HITPOINT WARNING * * *
You hit the orc warrior but do no damage.
The orc warrior is almost dead.
The orc warrior hits you with a +0 battleaxe.
* * * LOW HITPOINT WARNING * * *
The orc warrior hits you but does no damage.
You hit the orc warrior.
The orc warrior is almost dead.
The orc warrior hits you with a +0 battleaxe!
You die...

#.........##.# .#
#.###.###.##.##..#
#.$...#.#......#
#.....#)#..##...D~
...>...)†#..# ...l
..#.....#.)..##...O~
#..#.....#........#♣.
#. ###.###....#.#.#
.......@...#.#
.......o.....#
########...### #...#
#..... .#.##. ..?# .
....


You could see an orc warrior.

Vanquished Creatures
  A hydra (D:8)
  A wyvern (D:8)
  Edmund (D:5)
  An acid dragon (D:8)
  A water moccasin (D:6)
  Duvessa (D:6)
  A sky beast (D:7)
  3 black bears
  2 ice beasts (D:6)
  2 centaurs (D:8)
  3 kobold brigands
  3 bullfrogs
  A necrophage (D:5)
  A scorpion (D:5)
  5 wights (D:8)
  Dowan (D:6)
  A killer bee (D:8)
  5 hounds
  Crazy Yiuf (D:2)
  An orc priest (D:6)
  A gnoll bouda (D:7)
  2 jellies (D:5)
  Natasha (twice) (D:3)
  5 orc wizards
  Robin (D:2)
  3 gnolls (D:7)
  10 adders
  2 shadow imps (D:7)
  A white imp (D:6)
  2 worms
  6 dart slugs
  36 orcs
  10 ball pythons
  5 endoplasms
  13 giant cockroaches
  17 goblins
  6 hobgoblins
  5 jackals (D:3)
  2 quokkas
  3 bats
  6 frilled lizards
  12 kobolds
  3 rats (D:3)
189 creatures vanquished.

Vanquished Creatures (collateral kills)
  A two-headed ogre (D:8)
1 creature vanquished.

Vanquished Creatures (others)
  8 plants (D:8)
8 creatures vanquished.

Grand Total: 198 creatures vanquished

Notes
Turn   | Place    | Note
-------+----------+-------------------------------------------
     0 | D:1      | RascalDebosk the Demonspawn Berserker began the quest for
                  | the Orb.
     0 | D:1      | Reached XP level 1. HP: 18/18 MP: 1/1
     5 | D:1      | Found a faded altar of an unknown god.
   302 | D:1      | Found Gabb's Jewellery Boutique.
   363 | D:1      | Gained mutation: You have a somewhat thin skeletal
                  | structure. (Dex +2, Stealth+) [demonic ancestry]
   363 | D:1      | Reached XP level 2. HP: 24/24 MP: 2/2
  1029 | D:2      | Noticed Robin
  1039 | D:2      | Reached skill level 1 in Evocations
  1039 | D:2      | Gained mutation: You regenerate magic rapidly. [demonic
                  | ancestry]
  1039 | D:2      | Reached XP level 3. HP: 29/29 MP: 3/3
  1047 | D:2      | Reached skill level 1 in Throwing
  1047 | D:2      | Killed Robin
  1651 | D:2      | Gained mutation: You have a moderately thin skeletal
                  | structure. (Dex +4, Stealth++) [demonic ancestry]
  1651 | D:2      | Reached XP level 4. HP: 33/35 MP: 4/4
  1700 | D:2      | Reached ** piety under Trog
  2086 | D:2      | Found a runed translucent door.
  2087 | D:2      | Noticed Crazy Yiuf
  2094 | D:2      | Killed Crazy Yiuf
  2442 | D:3      | Gained mutation: You have sharp fingernails. [demonic
                  | ancestry]
  2442 | D:3      | Reached XP level 5. HP: 41/41 MP: 5/5
  2446 | D:3      | Noticed Natasha
  2460 | D:3      | Killed Natasha
  2698 | D:3      | Found Issuc's Book Emporium.
  2708 | D:3      | Reached *** piety under Trog
  2829 | D:1      | Bought a ring of flight for 175 gold pieces
  2897 | D:3      | Found a bloodstained altar of Trog.
  3010 | D:3      | Noticed Natasha
  3024 | D:3      | Killed Natasha
  3122 | D:3      | Found Utanighy's Distillery.
  3145 | D:3      | Bought a potion of might for 52 gold pieces
  3145 | D:3      | Bought a potion of curing for 39 gold pieces
  3302 | D:3      | Found Qips's Weapon Emporium.
  3309 | D:3      | Found Inlona's Assorted Antiques.
  3530 | D:4      | Reached skill level 4 in Fighting
  3715 | D:4      | Gained mutation: You sometimes gain a little power by
                  | taking damage. [demonic ancestry]
  3715 | D:4      | Reached XP level 6. HP: 48/48 MP: 6/6
  3734 | D:4      | Found Dibuoshu's General Store.
  3766 | D:4      | Bought a scroll of identify for 24 gold pieces
  4223 | D:5      | Entered Level 5 of the Dungeon
  4246 | D:5      | Found a shadowy altar of Dithmenos.
  4836 | D:5      | Noticed Edmund
  4845 | D:5      | Killed Edmund
  4846 | D:5      | Gained mutation: You sometimes gain power by taking damage.
                  | [demonic ancestry]
  4846 | D:5      | Reached XP level 7. HP: 54/54 MP: 7/7
  4988 | D:5      | Found an ornate altar of the Wu Jian Council.
  4988 | D:5      | Found a stormy altar of Qazlal.
  6425 | D:6      | Reached skill level 5 in Fighting
  6783 | D:6      | Reached XP level 8. HP: 52/62 MP: 8/8
  6952 | D:6      | Found a radiant altar of Vehumet.
  7010 | D:6      | Noticed Dowan
  7010 | D:6      | Noticed Duvessa
  7021 | D:6      | Killed Dowan
  7028 | D:6      | Killed Duvessa
  7031 | D:6      | Reached **** piety under Trog
  7032 | D:6      | Reached skill level 5 in Polearms
  7324 | D:7      | Identified the +6 short sword of Focus {protect, Will+
                  | Str-5 Int-5 Dex+8}
  7585 | D:7      | Reached skill level 6 in Fighting
  7585 | D:7      | Reached skill level 5 in Armour
  7718 | D:7      | HP: 2/64 [black bear (5)]
  8200 | D:7      | Gained mutation: You have an unnaturally thin skeletal
                  | structure. (Dex +6, Stealth+++) [demonic ancestry]
  8200 | D:7      | Reached XP level 9. HP: 69/69 MP: 9/9
  8297 | D:7      | Found a transporter.
  8301 | D:7      | Noticed an oklob plant
  8303 | D:7      | Found a transporter.
  8308 | D:7      | Noticed a two-headed ogre
  8361 | D:7      | Noticed Jase's ghost (novice MiHu)
  8377 | D:7      | Noticed an oklob plant
  8385 | D:7      | Found a staircase to the Ecumenical Temple.
  8398 | Temple   | Entered the Ecumenical Temple
  8973 | D:3      | Bought a pair of gloves for 112 gold pieces
  9208 | D:8      | Reached skill level 5 in Throwing
  9303 | D:8      | Found a runed translucent gate.
  9310 | D:8      | Found a runed translucent gate.
  9310 | D:8      | Found an opulent altar of Gozag.
  9311 | D:8      | Found a runed translucent gate.
  9312 | D:8      | Noticed Shayle's ghost (novice TeBr)
  9313 | D:8      | Noticed a deep elf pyromancer
  9333 | D:8      | Noticed a two-headed ogre
  9334 | D:8      | Noticed a seven-headed hydra
  9353 | D:8      | Killed a two-headed ogre
  9354 | D:8      | Reached skill level 7 in Fighting
  9357 | D:8      | Killed a seven-headed hydra
  9437 | D:8      | Reached XP level 10. HP: 44/79 MP: 10/10
  9502 | D:8      | HP: 4/80 [orc warrior/+0 battleaxe (9)]
  9504 | D:8      | Slain by an orc warrior

Illustrated notes

Levels and vault maps discovered:
D:1:      dpeg_arrival_tiny_j, layout_loops_ring,
          ebering_ecumenical_altar_petrified, serial_shops,
          nicolae_shop_behind_doors, minmay_tetromino_o4
D:2:      layout_loops_ring, uniq_crazy_yiuf_cottage, uniq_robin
D:3:      minmay_roachtagon, layout_basic, old_standard_altar, serial_shops,
          nicolae_shop_advertising_works [nicolae_subvault_shop_adworks],
          nicolae_square_shop, shop_coins, shop, st_stairs_13,
          minmay_quadrilaterals, uniq_natasha
D:4:      layout_cave_pools, serial_shops, shop, nrook_campfire, dk_vineyard_1,
          corexii_checkpoint_b
D:5:      layout_loops_corners, mainiacjoe_overflow_concentric_impassable,
          gammafunk_temple_overflow_wave, hangedman_abyss_or_decor_stabs,
          grunt_ministairs_7, uniq_edmund
D:6:      layout_rooms, mainiacjoe_overflow_cross_hatched, uniq_duvessa
D:7:      layout_basic, minmay_temple_entry_glassed_door, nzn_ghost_randoct
D:8:      nzn_winding_woodlands_small [nzn_winding_woodlands_5x15_jagged,
          nzn_winding_woodlands_center_garden, nzn_winding_woodlands_5x15_pool],
          layout_loops_ring, makhleb_grotto_becter, ebering_ghost_gozag,
          chequers_serial_rivers_large_b, st_stairs_3, kennysheep_pointless_box,
          uniq_maggie
Temple:   nicolae_temple_bog_church

Skill      XL: |  1  2  3  4  5  6  7  8  9 |
---------------+----------------------------+-----
Armour         | 2 3 4 5 6 |  6.6
Evocations     | 1 2 3 4 |  4.0
Polearms       | 3 4 5 6 |  6.9
Throwing       | 1 2 3 4 6 |  6.2
Fighting       | 4 5 6 7 |  7.6
Dodging        | |  1.7

Action                   |  1- 3 |  4- 6 |  7- 9 | 10-12 || total
-------------------------+-------+-------+-------+-------++-------
Melee: Spear             |   103 |   291 |   447 |    27 ||   868
       Punch             |       |     4 |     8 |     2 ||    14
Throw: Boomerang         |       |       |     1 |     5 ||     6
Invok: Berserk           |     2 |     5 |     7 |       ||    14
       Trog's Hand       |       |       |     4 |     1 ||     5
       Brothers in Arms  |       |       |     1 |       ||     1
  Use: Scroll            |       |    14 |    10 |       ||    24
       Potion            |       |     1 |     1 |     1 ||     3
Armor: Scale mail        |     9 |       |       |       ||     9
       Animal skin       |     3 |       |       |       ||     3
       Chain mail        |    31 |   152 |       |       ||   183
       Plate armour      |       |     4 |   345 |    10 ||   359
Dodge: Dodged            |    34 |   106 |   149 |    14 ||   303
